[Event "21st Sants Open 2019"]
[Site "Cotxeres de Sants"]
[Date "2019.08.24"]
[Round "2.5"]
[White "Henriquez Villagra, Cristobal"]
[Black "Biastoch, Bennet"]
[Result "1-0"]
[ECO "B23"]
[WhiteElo "2562"]
[BlackElo "2274"]
[Annotator "ChessBase"]
[PlyCount "71"]
[EventDate "2019.08.22"]
[EventType "swiss"]
[EventCountry "ESP"]
[SourceTitle "playchess.com"]
[Source "ChessBase"]
[SourceQuality "1"]
[TimeControl "40/5400+30:1800+30"]

1. e4 c5 2. Nc3 d6 3. d4 cxd4 4. Qxd4 Nc6 5. Qd2 g6 6. b3 Bg7 7. Bb2 Nf6 8. O-O-O Be6 9. f4 Qa5 10. Kb1 O-O-O 11. Nf3 d5 12. e5 Ne4 13. Qe1 f5 14. Bd3 Kb8 15. Nb5 Qxe1 16. Rhxe1 a6 17. Nbd4 Nxd4 18. Bxd4 h6 19. h4 Rhg8 20. Kb2 Bf7 21. a4 e6 22. c4 dxc4 23. bxc4 Be8 24. Kb3 Bc6 25. Bb6 Rde8 26. Nd4 Bf8 27. Nxc6+ bxc6 28. Bxe4 fxe4 29. Rxe4 Be7 30. c5 Bxh4 31. Rb4 Ka8 32. Rd7 Re7 33. Rd8+ Rxd8 34. Bxd8 Rb7 35. Rxb7 Bxd8 36. Rg7 1-0

[Event "21st Sants Open 2019"]
[Site "Cotxeres de Sants"]
[Date "2019.08.24"]
[Round "2.6"]
[White "Iglesias, Joachim"]
[Black "Hillarp Persson, Tiger"]
[Result "0-1"]
[ECO "A04"]
[WhiteElo "2274"]
[BlackElo "2558"]
[Annotator "ChessBase"]
[PlyCount "100"]
[EventDate "2019.08.22"]
[EventType "swiss"]
[EventCountry "ESP"]
[SourceTitle "playchess.com"]
[Source "ChessBase"]
[SourceQuality "1"]
[TimeControl "40/5400+30:1800+30"]

1. Nf3 c5 2. c4 g6 3. e3 Nf6 4. b3 Bg7 5. Bb2 O-O 6. d3 b6 7. Be2 Bb7 8. a3 Nc6 9. O-O d5 10. cxd5 Qxd5 11. Nbd2 Rfd8 12. Qc2 Rab8 13. Rac1 Ba8 14. Rfe1 Ne8 15. b4 cxb4 16. d4 bxa3 17. Bxa3 Nd6 18. e4 Qa5 19. Bxd6 exd6 20. Ra1 Qh5 21. d5 Nb4 22. Qc7 Bxa1 23. Rxa1 a5 24. Nc4 Bxd5 25. exd5 Nxd5 26. Qa7 Nc3 27. Bf1 Qc5 28. Qe7 d5 29. Qxc5 bxc5 30. Nxa5 Ra8 31. Rc1 Rxa5 32. Rxc3 c4 33. Nd4 Ra1 34. f4 Rd1 35. Nf3 Rb8 36. Kf2 Rb2+ 37. Be2 d4 38. Rxc4 d3 39. Re4 Rxe2+ 40. Rxe2 dxe2 41. Kxe2 Ra1 42. g4 f6 43. Kf2 Kf7 44. Kg3 Ra3 45. Kg2 Ke6 46. f5+ gxf5 47. Nd4+ Ke5 48. Nxf5 Kf4 49. h3 Ra2+ 50. Kg1 h5 0-1

[Event "21st Sants Open 2019"]
[Site "Cotxeres de Sants"]
[Date "2019.08.24"]
[Round "2.7"]
[White "Puranik, Abhimanyu"]
[Black "Agdelen, Huseyin Can"]
[Result "1-0"]
[ECO "A20"]
[WhiteElo "2550"]
[BlackElo "2272"]
[Annotator "ChessBase"]
[PlyCount "103"]
[EventDate "2019.08.22"]
[EventType "swiss"]
[EventCountry "ESP"]
[SourceTitle "playchess.com"]
[Source "ChessBase"]
[SourceQuality "1"]
[TimeControl "40/5400+30:1800+30"]

1. c4 e5 2. g3 Nf6 3. Bg2 d5 4. cxd5 Nxd5 5. Nc3 Nb6 6. Nf3 Nc6 7. O-O Be7 8. a3 a5 9. d3 O-O 10. Be3 Re8 11. Rc1 Bf8 12. Ne4 Nd4 13. Nxd4 exd4 14. Bg5 f6 15. Bd2 a4 16. f4 f5 17. Nc5 c6 18. Bf3 Bxc5 19. Rxc5 Be6 20. Ba5 Ra6 21. Re1 Qd6 22. Bb4 Qd7 23. Re5 Bb3 24. Qc1 Rxe5 25. fxe5 Nd5 26. Bd6 b6 27. Rf1 c5 28. Bxd5+ Bxd5 29. g4 Ra8 30. gxf5 Kh8 31. Qg5 h6 32. Qg3 Qf7 33. Qh4 Rg8 34. e6 Qf6 35. Qg3 Kh7 36. Be5 Qg5 37. Qxg5 hxg5 38. e7 Re8 39. Bd6 Kg8 40. f6 g6 41. Bc7 b5 42. Bb6 c4 43. Bxd4 Kf7 44. Bc3 Rh8 45. e4 Bc6 46. dxc4 bxc4 47. e5 Rh4 48. Rf2 Re4 49. Rd2 g4 50. Rd8 Be8 51. Kf2 g5 52. Rb8 1-0

[Event "21st Sants Open 2019"]
[Site "Cotxeres de Sants"]
[Date "2019.08.24"]
[Round "2.8"]
[White "Hernando Rodrigo, Julio Antonio"]
[Black "Antal, Gergely"]
[Result "0-1"]
[ECO "D85"]
[WhiteElo "2272"]
[BlackElo "2549"]
[Annotator "ChessBase"]
[PlyCount "58"]
[EventDate "2019.08.22"]
[EventType "swiss"]
[EventCountry "ESP"]
[SourceTitle "playchess.com"]
[Source "ChessBase"]
[SourceQuality "1"]
[TimeControl "40/5400+30:1800+30"]

1. d4 Nf6 2. c4 g6 3. Nc3 d5 4. cxd5 Nxd5 5. e4 Nxc3 6. bxc3 Bg7 7. Nf3 c5 8. Rb1 O-O 9. Be2 cxd4 10. cxd4 Qa5+ 11. Bd2 Qxa2 12. O-O Bg4 13. Be3 Nc6 14. d5 Na5 15. Bg5 Qa3 16. Qd2 b6 17. Qf4 Bxf3 18. gxf3 Rac8 19. Qh4 Rc7 20. Qg3 Rc2 21. Bd1 Rcc8 22. Be2 h6 23. Bf4 Nb3 24. d6 Nd4 25. Bd1 Rfd8 26. dxe7 Qxe7 27. Be3 Rc3 28. Bxd4 Bxd4 29. Rb3 Rc5 0-1

[Event "21st Sants Open 2019"]
[Site "Cotxeres de Sants"]
[Date "2019.08.24"]
[Round "2.9"]
[White "Antova, Gabriela"]
[Black "Cuartas, Jaime Alexander"]
[Result "1-0"]
[ECO "C60"]
[WhiteElo "2270"]
[BlackElo "2530"]
[Annotator "ChessBase"]
[PlyCount "81"]
[EventDate "2019.08.22"]
[EventType "swiss"]
[EventCountry "ESP"]
[SourceTitle "playchess.com"]
[Source "ChessBase"]
[SourceQuality "1"]
[TimeControl "40/5400+30:1800+30"]

1. e4 e5 2. Nf3 Nc6 3. Bb5 g6 4. O-O Bg7 5. c3 a6 6. Ba4 d6 7. d4 Bd7 8. Be3 Nge7 9. Nbd2 O-O 10. dxe5 Nxe5 11. Nxe5 dxe5 12. Bb3 Qc8 13. Bc5 Re8 14. Qf3 Be6 15. Nc4 Kh8 16. h3 Ng8 17. Rfd1 Nf6 18. Be3 b6 19. Bg5 Ng8 20. Rd2 f6 21. Be3 Qb7 22. Rad1 f5 23. exf5 Qxf3 24. gxf3 Bxf5 25. f4 exf4 26. Bxf4 Rac8 27. Kh2 Re4 28. Bg3 h5 29. Kg2 h4 30. Bh2 Bf6 31. Ne3 Bg5 32. Nxf5 Bxd2 33. Nxh4 Bg5 34. Nxg6+ Kg7 35. Rd7+ Ne7 36. Bxc7 Kxg6 37. Bc2 Kf5 38. Bg3 Rc6 39. Rd4 Rce6 40. Rxe4 Rxe4 41. Kf3 1-0

[Event "21st Sants Open 2019"]
[Site "Cotxeres de Sants"]
[Date "2019.08.24"]
[Round "2.10"]
[White "Gordon, Stephen J"]
[Black "Niermann, Tristan"]
[Result "1-0"]
[ECO "A11"]
[WhiteElo "2520"]
[BlackElo "2266"]
[Annotator "ChessBase"]
[PlyCount "49"]
[EventDate "2019.08.22"]
[EventType "swiss"]
[EventCountry "ESP"]
[SourceTitle "playchess.com"]
[Source "ChessBase"]
[SourceQuality "1"]
[TimeControl "40/5400+30:1800+30"]

1. c4 c6 2. Nf3 d5 3. e3 Nf6 4. Nc3 Bg4 5. h3 Bxf3 6. Qxf3 e5 7. d4 e4 8. Qd1 a6 9. g4 h6 10. Bg2 Bd6 11. Qb3 Ra7 12. cxd5 cxd5 13. Bd2 Bc7 14. O-O-O Ba5 15. f3 exf3 16. Bxf3 Bxc3 17. Bxc3 O-O 18. h4 Re8 19. g5 Rxe3 20. Rdf1 hxg5 21. hxg5 Ne4 22. Bxe4 Rxe4 23. Rf5 Nc6 24. g6 b5 25. Rfh5 1-0

[Event "21st Sants Open 2019"]
[Site "Cotxeres de Sants"]
[Date "2019.08.24"]
[Round "2.11"]
[White "Vittorino, Carlo Giovanni"]
[Black "Krysa, Leandro"]
[Result "0-1"]
[ECO "D02"]
[WhiteElo "2264"]
[BlackElo "2516"]
[Annotator "ChessBase"]
[PlyCount "84"]
[EventDate "2019.08.22"]
[EventType "swiss"]
[EventCountry "ESP"]
[SourceTitle "playchess.com"]
[Source "ChessBase"]
[SourceQuality "1"]
[TimeControl "40/5400+30:1800+30"]

1. Nf3 d5 2. d4 Nf6 3. Bf4 c5 4. e3 Nc6 5. c3 Qb6 6. Qb3 c4 7. Qc2 Bf5 8. Qc1 e6 9. h3 h6 10. Nbd2 Qd8 11. Be2 Be7 12. Bd1 O-O 13. Bc2 b5 14. O-O b4 15. Bxf5 exf5 16. b3 Rc8 17. bxc4 dxc4 18. Nxc4 Ne4 19. cxb4 Nxb4 20. a3 Nd5 21. Nfe5 Nb6 22. Ra2 f6 23. Rc2 fxe5 24. Nxe5 Nd5 25. Nc6 Qd7 26. Nxe7+ Nxe7 27. Rxc8 Rxc8 28. Qb2 Nd5 29. Be5 Nb6 30. Rb1 Nc3 31. Qb3+ Qf7 32. Rb2 Qxb3 33. Rxb3 Kf7 34. g4 g6 35. Kg2 Ke6 36. Bg7 h5 37. gxh5 gxh5 38. Kf3 Ne4 39. Rb5 Nd5 40. Be5 Rc2 41. Bg3 Ng5+ 42. Kg2 Nxe3+ 0-1

[Event "21st Sants Open 2019"]
[Site "Cotxeres de Sants"]
[Date "2019.08.24"]
[Round "2.12"]
[White "Munoz, Miguel"]
[Black "Aizpurua, Patrick"]
[Result "1/2-1/2"]
[ECO "C22"]
[WhiteElo "2514"]
[BlackElo "2261"]
[Annotator "ChessBase"]
[PlyCount "71"]
[EventDate "2019.08.22"]
[EventType "swiss"]
[EventCountry "ESP"]
[SourceTitle "playchess.com"]
[Source "ChessBase"]
[SourceQuality "1"]
[TimeControl "40/5400+30:1800+30"]

1. e4 e5 2. d4 exd4 3. Qxd4 Nc6 4. Qe3 Nf6 5. Bd2 Bb4 6. c3 Ba5 7. c4 Bxd2+ 8. Nxd2 O-O 9. O-O-O Re8 10. f3 Qe7 11. Nb1 d6 12. Nc3 Ne5 13. g4 Be6 14. g5 Nfd7 15. b3 Nb6 16. f4 Nc6 17. Nge2 a5 18. Nd5 Bxd5 19. cxd5 Nb4 20. Nc3 Nd7 21. Kb2 Nc5 22. a3 c6 23. Qd4 Nba6 24. dxc6 bxc6 25. Bxa6 Rxa6 26. Qxd6 Qa7 27. Qd8 Kf8 28. Qd6+ Kg8 29. Qd8 Kf8 30. Qd6+ Kg8 31. Qd8 Rf8 32. Qd4 Qb6 33. Qc4 Raa8 34. Kc2 Rab8 35. Rb1 Ne6 36. Ne2 1/2-1/2

[Event "21st Sants Open 2019"]
[Site "Cotxeres de Sants"]
[Date "2019.08.24"]
[Round "2.13"]
[White "Marzocchi, Tommaso"]
[Black "Gines Esteo, Pedro Antonio"]
[Result "0-1"]
[ECO "B13"]
[WhiteElo "2198"]
[BlackElo "2417"]
[Annotator "NA"]
[PlyCount "104"]
[EventDate "2019.08.22"]
[EventType "swiss"]
[EventCountry "ESP"]
[SourceTitle "playchess.com"]
[Source "ChessBase"]
[SourceQuality "1"]
[TimeControl "40/5400+30:1800+30"]

1. e4 c6 2. d4 d5 3. exd5 cxd5 4. c4 Nf6 5. Nc3 Nc6 6. Bg5 Be6 7. a3 Qd7 8. Be2 O-O-O 9. c5 Ne4 10. Nf3 f6 11. Be3 g5 12. Qa4 Bg7 13. Rd1 h6 14. Nd2 f5 15. Ndxe4 f4 16. Bc1 dxe4 17. d5 Bxc3+ 18. bxc3 Bxd5 19. c4 f3 20. cxd5 fxe2 21. Rd2 Qg4 22. dxc6 Qxg2 23. Qxa7 Qxh1+ 24. Kxe2 Qf3+ 25. Ke1 Qh1+ 26. Ke2 Qf3+ 27. Ke1 Qb3 28. Qa8+ Kc7 29. Qa5+ b6 30. Qa7+ Kxc6 31. cxb6 Rxd2 32. Qc7+ Kb5 33. Bxd2 Qb1+ 34. Bc1 Ka6 35. Qa7+ Kb5 36. Qc7 e3 37. fxe3 Rf8 38. Qd7+ Kxb6 39. Qd4+ Kc6 40. Qc4+ Kd7 41. Qa4+ Ke6 42. Qc4+ Kf6 43. e4 Qb6 44. Bd2 Qg1+ 45. Ke2 Qxh2+ 46. Ke1 Qg1+ 47. Ke2 Qg4+ 48. Ke1 Kg6 49. Qc6+ Kh5 50. e5 Qg3+ 51. Ke2 Rf2+ 52. Kd1 Qd3 0-1

[Event "21st Sants Open 2019"]
[Site "Cotxeres de Sants"]
[Date "2019.08.24"]
[Round "2.14"]
[White "Melia, Salome"]
[Black "Sole Pijuan, Ferran"]
[Result "1-0"]
[ECO "C55"]
[WhiteElo "2376"]
[BlackElo "2158"]
[Annotator "ChessBase"]
[PlyCount "143"]
[EventDate "2019.08.22"]
[EventType "swiss"]
[EventCountry "ESP"]
[SourceTitle "playchess.com"]
[Source "ChessBase"]
[SourceQuality "1"]
[TimeControl "40/5400+30:1800+30"]

1. e4 e5 2. Nf3 Nc6 3. Bc4 Nf6 4. d4 exd4 5. e5 d5 6. Bb5 Ne4 7. Nxd4 Bd7 8. Bxc6 bxc6 9. O-O Bc5 10. Be3 O-O 11. Nd2 Nxd2 12. Qxd2 Bb6 13. Nb3 Qe7 14. Rae1 h6 15. f4 Bf5 16. Qc3 Qd7 17. Nc5 Bxc5 18. Bxc5 Rfe8 19. h3 h5 20. Rf3 Re6 21. Rg3 Rg6 22. Rxg6 Bxg6 23. Qe3 Bxc2 24. Bxa7 Be4 25. a3 Qf5 26. Bd4 Qg6 27. Re2 Bd3 28. Rd2 Bc4 29. Kh2 Rb8 30. b4 Ra8 31. Bb2 Bb5 32. Qg3 Qxg3+ 33. Kxg3 Kf8 34. Kh4 g6 35. f5 gxf5 36. Kxh5 Ke7 37. Kg5 Ke6 38. Kf4 Rg8 39. Rf2 Rg6 40. Bd4 Rg8 41. g4 fxg4 42. hxg4 Rh8 43. Kg3 Ra8 44. Rf6+ Ke7 45. Bc5+ Ke8 46. Rf3 Rd8 47. g5 Kd7 48. Bd4 Ke7 49. Rf6 Ra8 50. Bc5+ Kd7 51. e6+ fxe6 52. Rf7+ Kc8 53. Rf8+ Kb7 54. Rxa8 Kxa8 55. g6 Bd3 56. g7 Bh7 57. Kf4 Kb7 58. Ke5 Bg8 59. a4 Kc8 60. Kf6 Kd7 61. a5 Kc8 62. a6 Kb8 63. Bd4 Ka8 64. Bc5 Kb8 65. Ke7 e5 66. Kf6 d4 67. Kxe5 d3 68. Be3 d2 69. Bxd2 Ka7 70. Be3+ Kxa6 71. Kf6 Kb7 72. Ke7 1-0

[Event "21st Sants Open 2019"]
[Site "Cotxeres de Sants"]
[Date "2019.08.24"]
[Round "2.15"]
[White "Garcia Gallardo, Victor"]
[Black "Rodriguez Regull, German"]
[Result "0-1"]
[ECO "B00"]
[WhiteElo "1767"]
[BlackElo "1944"]
[Annotator "NA"]
[PlyCount "102"]
[EventDate "2019.08.22"]
[EventType "swiss"]
[EventCountry "ESP"]
[SourceTitle "playchess.com"]
[Source "ChessBase"]
[SourceQuality "1"]
[TimeControl "40/5400+30:1800+30"]

1. e4 b6 2. d4 Bb7 3. Bd3 e6 4. Nf3 Nf6 5. Qe2 d5 6. e5 Ne4 7. Nbd2 Nxd2 8. Bxd2 c5 9. c3 Nc6 10. O-O Be7 11. a3 a5 12. a4 O-O 13. Rac1 h6 14. Bb1 Ba6 15. Bd3 Bxd3 16. Qxd3 Qd7 17. Qb5 c4 18. b3 cxb3 19. Qxb3 Rab8 20. Rfd1 Rfc8 21. Qb5 Qb7 22. c4 Na7 23. Qb3 dxc4 24. Rxc4 Rxc4 25. Qxc4 Rc8 26. Qb3 Nc6 27. h3 Nb4 28. Bxb4 Bxb4 29. Rd3 Rd8 30. Qc4 Qd7 31. Qb3 Qc6 32. Rd1 b5 33. axb5 Qxb5 34. Rb1 Qc6 35. Qb2 Rc8 36. Qa2 Qe4 37. Rf1 g5 38. Qa4 Qc6 39. Ra1 Qd5 40. Rb1 Kg7 41. Rxb4 axb4 42. Qxb4 Rc1+ 43. Kh2 Qe4 44. Qd2 Rc2 45. Qe3 Qxe3 46. fxe3 Re2 47. Kg3 Rxe3 48. h4 Kg6 49. hxg5 hxg5 50. Kf2 Re4 51. Kg3 Kh5 0-1

[Event "21st Sants Open 2019"]
[Site "Cotxeres de Sants"]
[Date "2019.08.24"]
[Round "2.16"]
[White "Moyano Barrero, Antoni"]
[Black "Morais Carreras, Javier"]
[Result "0-1"]
[ECO "C42"]
[WhiteElo "1760"]
[BlackElo "1939"]
[Annotator "NA"]
[PlyCount "110"]
[EventDate "2019.08.22"]
[EventType "swiss"]
[EventCountry "ESP"]
[SourceTitle "playchess.com"]
[Source "ChessBase"]
[SourceQuality "1"]
[TimeControl "40/5400+30:1800+30"]

1. e4 e5 2. Nf3 Nf6 3. Nxe5 d6 4. Nf3 Nxe4 5. Nc3 Nxc3 6. dxc3 Be7 7. Be3 Nc6 8. Qd2 Be6 9. Nd4 Nxd4 10. Bxd4 O-O 11. c4 Re8 12. O-O-O Qd7 13. Qc3 Bf8 14. h4 Qa4 15. h5 c5 16. Be3 Qxa2 17. Bd3 Be7 18. Qb3 Qa1+ 19. Kd2 Qa5+ 20. c3 a6 21. Qc2 h6 22. f3 d5 23. Ra1 Qd8 24. cxd5 Qxd5 25. c4 Qd6 26. Rad1 Bf6 27. Kc1 Qc7 28. Be4 Rad8 29. g4 Bd4 30. Bd2 Bf6 31. Bc3 Bxc3 32. Qxc3 b5 33. cxb5 axb5 34. Rxd8 Rxd8 35. Rd1 Rb8 36. Qe3 Qa5 37. Bb1 Qb4 38. Qe4 Qxe4 39. Bxe4 Kf8 40. Rd6 Ke7 41. Rc6 Rc8 42. Rb6 b4 43. Kd2 Rd8+ 44. Kc2 Rd4 45. Rc6 c4 46. Rb6 b3+ 47. Kc3 Rd1 48. Rb8 Kf6 49. Rb5 Re1 50. Rc5 Re2 51. Rc6 Ke5 52. Rxe6+ fxe6 53. Kxc4 Rxb2 54. Kc3 Re2 55. Kd3 Rxe4 {[%emt 0:00:47] Kd4+} 0-1

[Event "21st Sants Open 2019"]
[Site "Cotxeres de Sants"]
[Date "2019.08.24"]
[Round "2.17"]
[White "Castells Pagan, Raul"]
[Black "Garcia Ruiz, Adrian"]
[Result "1-0"]
[ECO "E92"]
[WhiteElo "1759"]
[BlackElo "1933"]
[Annotator "NA"]
[PlyCount "93"]
[EventDate "2019.08.22"]
[EventType "swiss"]
[EventCountry "ESP"]
[SourceTitle "playchess.com"]
[Source "ChessBase"]
[SourceQuality "1"]
[TimeControl "40/5400+30:1800+30"]

1. d4 Nf6 2. Nf3 g6 3. c4 Bg7 4. Nc3 O-O 5. e4 d6 6. Be2 e5 7. d5 a5 8. O-O Nbd7 9. b3 Nc5 10. Qc2 Nh5 11. Be3 Nf4 12. a3 f5 13. b4 axb4 14. axb4 Rxa1 15. Rxa1 Nxe4 16. Nxe4 fxe4 17. Ne1 Bf5 18. Ra7 b6 19. Bf1 Qb8 20. Ra3 Kh8 21. g3 Nh5 22. h3 Nf6 23. g4 Bd7 24. Bg2 Qc8 25. Bxe4 Nxe4 26. Qxe4 c6 27. Nd3 cxd5 28. cxd5 Qc2 29. Bxb6 Bb5 30. Kg2 Qd1 31. Bc7 Qd2 32. Qe3 Qc2 33. Bxd6 Re8 34. Bxe5 Kg8 35. Rc3 Qa2 36. Qd4 Bxd3 37. Bxg7 Be4+ 38. Kg3 Qa6 39. Bh6 Qd6+ 40. Bf4 Qe7 41. Rc7 Qf8 42. d6 g5 43. Qc4+ Kh8 44. Qd4+ Kg8 45. Bxg5 Re6 46. d7 Qf3+ 47. Kh4 1-0

[Event "21st Sants Open 2019"]
[Site "Cotxeres de Sants"]
[Date "2019.08.24"]
[Round "2.18"]
[White "Tortosa Moros, Joan"]
[Black "Gomez de Argila, Lluis"]
[Result "1/2-1/2"]
[ECO "B11"]
[WhiteElo "1640"]
[BlackElo "1503"]
[Annotator "NA"]
[PlyCount "89"]
[EventDate "2019.08.22"]
[EventType "swiss"]
[EventCountry "ESP"]
[SourceTitle "playchess.com"]
[Source "ChessBase"]
[SourceQuality "1"]
[TimeControl "40/5400+30:1800+30"]

1. e4 c6 2. Nf3 d5 3. Nc3 Bg4 4. exd5 cxd5 5. Be2 Nf6 6. h3 Bh5 7. Ne5 Bxe2 8. Qxe2 a6 9. d4 Nc6 10. Nxc6 bxc6 11. O-O e6 12. Qd3 Be7 13. Re1 O-O 14. Bf4 c5 15. dxc5 Bxc5 16. Re2 Bd6 17. Bg5 h6 18. Bh4 g5 19. Bg3 Bxg3 20. Qxg3 Kh7 21. Qd3+ Kg8 22. Qd4 Re8 23. Re3 a5 24. Rae1 Rb8 25. Rf3 Kg7 26. Rg3 Rxb2 27. Qe5 Qb8 28. Qe2 Rb4 29. Rf3 Ne4 30. Qd1 Nxc3 31. Rxc3 Qb6 32. Qa1 f6 33. Rf3 e5 34. Rb3 d4 35. Rxb4 axb4 36. Rb1 Ra8 37. a3 Qc5 38. a4 Qxc2 39. Rxb4 d3 40. Rb7+ Kg6 41. Qb1 Rxa4 42. Qb5 d2 43. Qe8+ Kf5 44. Qd7+ Kg6 45. Qh7+ {Kf5} 1/2-1/2

[Event "21st Sants Open 2019"]
[Site "Cotxeres de Sants"]
[Date "2019.08.24"]
[Round "2.19"]
[White "Trenchs Lopez, Christian"]
[Black "Salvador Gomez, Jesus Francisco"]
[Result "0-1"]
[ECO "C00"]
[WhiteElo "1499"]
[BlackElo "1639"]
[Annotator "NA"]
[PlyCount "124"]
[EventDate "2019.08.22"]
[EventType "swiss"]
[EventCountry "ESP"]
[SourceTitle "playchess.com"]
[Source "ChessBase"]
[SourceQuality "1"]
[TimeControl "40/5400+30:1800+30"]

1. e4 e6 2. d3 d5 3. Nd2 a6 4. Ngf3 Nd7 5. g3 Be7 6. Bg2 Bf6 7. O-O c6 8. Re1 Qc7 9. c3 g6 10. Nf1 Ne7 11. Bh6 Ng8 12. Bc1 h6 13. Qe2 Ne7 14. Ne3 O-O 15. Ng4 h5 16. Nxf6+ Nxf6 17. e5 Nh7 18. h4 Nf5 19. d4 c5 20. Bd2 b5 21. Rac1 Bb7 22. Rc2 Rac8 23. Rec1 Qb6 24. Be3 c4 25. Bd2 a5 26. Be1 Ba6 27. Nh2 b4 28. f3 b3 29. Rd2 bxa2 30. g4 Ng7 31. Ra1 Rb8 32. Rxa2 Qc7 33. f4 Rb5 34. Bf3 hxg4 35. Nxg4 Nh5 36. Nh6+ Kg7 37. Bxh5 Kxh6 38. Bf3 Rg8 39. Bf2 Qe7 40. Qe1 f6 41. Be3 f5 42. Bf2 Bb7 43. Kf1 Bc6 44. Ke2 Rgb8 45. Qh1 Be8 46. Ke3 a4 47. Qa1 Ra5 48. Bg3 Rba8 49. Rh2 a3 50. Qh1 axb2 51. h5 g5 52. Raxb2 Qa3 53. Rhc2 g4 54. Bd1 Qa1 55. Qe1 Ra2 56. Qd2 Rxb2 57. Rxb2 Ra3 58. Bxg4 Qg1+ 59. Kf3 fxg4+ 60. Kxg4 Bxh5+ 61. Kh4 Qd1 62. Qe3 Qg4# 0-1

[Event "21st Sants Open 2019"]
[Site "Cotxeres de Sants"]
[Date "2019.08.24"]
[Round "2.20"]
[White "Moreby, Kurt"]
[Black "Rodoreda Pares, Marc"]
[Result "1/2-1/2"]
[ECO "D05"]
[WhiteElo "1638"]
[BlackElo "1493"]
[Annotator "NA"]
[PlyCount "44"]
[EventDate "2019.08.22"]
[EventType "swiss"]
[EventCountry "ESP"]
[SourceTitle "playchess.com"]
[Source "ChessBase"]
[SourceQuality "1"]
[TimeControl "40/5400+30:1800+30"]

1. d4 d5 2. e3 e6 3. Nf3 Nf6 4. Bd3 c5 5. b3 Nc6 6. O-O cxd4 7. exd4 Bd6 8. Re1 O-O 9. Bb2 a5 10. Nbd2 a4 11. a3 axb3 12. cxb3 b6 13. b4 Bd7 14. Rc1 Na7 15. Qe2 Rc8 16. Ne5 Rxc1 17. Rxc1 Qe7 18. Ndf3 Rc8 19. Ng5 Rxc1+ 20. Bxc1 Be8 21. Qc2 h6 22. Ngf3 Qc7 1/2-1/2

[Event "21st Sants Open 2019"]
[Site "Cotxeres de Sants"]
[Date "2019.08.25"]
[Round "3.2"]
[White "Horton, Andrew P"]
[Black "Vaibhav, Suri"]
[Result "1/2-1/2"]
[ECO "A14"]
[WhiteElo "2382"]
[BlackElo "2591"]
[Annotator "ChessBase"]
[PlyCount "142"]
[EventDate "2019.08.22"]
[EventType "swiss"]
[EventCountry "ESP"]
[SourceTitle "playchess.com"]
[Source "ChessBase"]
[SourceQuality "1"]
[TimeControl "40/5400+30:1800+30"]

1. Nf3 Nf6 2. c4 e6 3. g3 d5 4. Bg2 Be7 5. O-O O-O 6. b3 d4 7. e3 c5 8. Bb2 Nc6 9. exd4 cxd4 10. Re1 Re8 11. d3 Bc5 12. Ne5 Nxe5 13. Rxe5 Qd6 14. Re1 e5 15. a3 Bg4 16. Bf3 Bxf3 17. Qxf3 a5 18. Bc1 Rab8 19. Nd2 Re6 20. Ra2 h6 21. Ne4 Nxe4 22. Qxe4 b5 23. Bd2 bxc4 24. bxc4 a4 25. Bb4 Bxb4 26. axb4 Rxb4 27. Qa8+ Qf8 28. Rxa4 Qxa8 29. Rxa8+ Kh7 30. Ra5 f6 31. Ra2 Rb3 32. Rd1 Kg6 33. Rc2 Kf5 34. Kf1 g5 35. h3 h5 36. Ra2 Reb6 37. Rc2 Ra6 38. Ke2 Raa3 39. Rcd2 Ra4 40. Rc1 Raa3 41. Rcd1 g4 42. hxg4+ hxg4 43. Ke1 Kg5 44. Kf1 Kg6 45. Kg2 Kf5 46. Kf1 Ke6 47. Ke2 f5 48. Kf1 Kf6 49. Kg2 Ke6 50. Kf1 Kd6 51. Kg2 f4 52. gxf4 exf4 53. Kh2 Rb8 54. Re1 Rh8+ 55. Kg2 Rh3 56. Rb2 Raxd3 57. Rb5 f3+ 58. Kg1 Rh7 59. Ra1 Rc7 60. Ra6+ Rc6 61. Rd5+ Kc7 62. Rxc6+ Kxc6 63. Kh2 Rd1 64. Kg3 Rg1+ 65. Kf4 d3 66. Rxd3 Kc5 67. Rd8 Rg2 68. Rg8 Rxf2 69. Rxg4 Rg2 70. Kxf3 Rxg4 71. Kxg4 Kxc4 1/2-1/2

[Event "21st Sants Open 2019"]
[Site "Cotxeres de Sants"]
[Date "2019.08.25"]
[Round "3.3"]
[White "Idani, Pouya"]
[Black "Melia, Salome"]
[Result "1/2-1/2"]
[ECO "E25"]
[WhiteElo "2581"]
[BlackElo "2376"]
[Annotator "ChessBase"]
[PlyCount "89"]
[EventDate "2019.08.22"]
[EventType "swiss"]
[EventCountry "ESP"]
[SourceTitle "playchess.com"]
[Source "ChessBase"]
[SourceQuality "1"]
[TimeControl "40/5400+30:1800+30"]

1. d4 Nf6 2. c4 e6 3. Nc3 Bb4 4. f3 d5 5. a3 Bxc3+ 6. bxc3 c5 7. cxd5 Nxd5 8. dxc5 f5 9. Nh3 Qa5 10. e4 fxe4 11. Nf2 Nf6 12. fxe4 O-O 13. Qd4 Na6 14. Be3 e5 15. Qxe5 Re8 16. Qd4 Be6 17. Bc4 Nxc5 18. O-O Kh8 19. Qxc5 Qxc5 20. Bxc5 Bxc4 21. Rfe1 Nd7 22. Bd4 Ne5 23. Re3 Nc6 24. Rg3 Re7 25. Be3 Rd7 26. Rg5 Re8 27. Rc5 Bf7 28. Bf4 h6 29. a4 Bg6 30. Re1 Rde7 31. e5 Nd8 32. Bg3 Ne6 33. Rc4 Rd7 34. Rd1 Rxd1+ 35. Nxd1 Rd8 36. Ne3 Rd3 37. Kf2 Rd2+ 38. Ke1 Rd3 39. Rc8+ Kh7 40. Ke2 Rd7 41. Nc4 Be4 42. Nd6 Bxg2 43. a5 a6 44. c4 Rd8 45. Rxd8 1/2-1/2

[Event "21st Sants Open 2019"]
[Site "Cotxeres de Sants"]
[Date "2019.08.25"]
[Round "3.4"]
[White "Nogerbek, Kazybek"]
[Black "Henriquez Villagra, Cristobal"]
[Result "1/2-1/2"]
[ECO "B10"]
[WhiteElo "2375"]
[BlackElo "2562"]
[Annotator "ChessBase"]
[PlyCount "69"]
[EventDate "2019.08.22"]
[EventType "swiss"]
[EventCountry "ESP"]
[SourceTitle "playchess.com"]
[Source "ChessBase"]
[SourceQuality "1"]
[TimeControl "40/5400+30:1800+30"]

1. e4 c6 2. Nf3 d5 3. exd5 cxd5 4. Ne5 Qb6 5. d4 Nc6 6. c3 Bf5 7. Qb3 f6 8. Nd3 Qxb3 9. axb3 e5 10. dxe5 fxe5 11. b4 Bd6 12. b5 Nce7 13. Be3 Nf6 14. Rxa7 Rxa7 15. Bxa7 Kd7 16. Na3 Bxd3 17. Bxd3 Ra8 18. b6 Bxa3 19. bxa3 Nc8 20. Kd2 Nxa7 21. bxa7 Rxa7 22. a4 Kc7 23. Bc2 g6 24. f3 Ra6 25. Rb1 Rb6 26. Rb4 g5 27. a5 Ra6 28. Rb5 b6 29. axb6+ Rxb6 30. Ra5 Kd6 31. Ra7 h6 32. Rg7 Kc5 33. Re7 Kd6 34. Rg7 Kc5 35. Re7 1/2-1/2

[Event "21st Sants Open 2019"]
[Site "Cotxeres de Sants"]
[Date "2019.08.25"]
[Round "3.5"]
[White "Hillarp Persson, Tiger"]
[Black "Lopez Gonzalez, Abel Fabian"]
[Result "0-1"]
[ECO "A06"]
[WhiteElo "2558"]
[BlackElo "2370"]
[Annotator "ChessBase"]
[PlyCount "74"]
[EventDate "2019.08.22"]
[EventType "swiss"]
[EventCountry "ESP"]
[SourceTitle "playchess.com"]
[Source "ChessBase"]
[SourceQuality "1"]
[TimeControl "40/5400+30:1800+30"]

1. Nf3 d5 2. d3 c5 3. g3 Nc6 4. Bg2 e5 5. O-O h6 6. a3 Be6 7. Nbd2 Qc7 8. c4 Nf6 9. cxd5 Nxd5 10. e3 Be7 11. Qc2 Rc8 12. b3 O-O 13. Bb2 Rfd8 14. Rac1 f6 15. Qb1 Qd7 16. Rfe1 Nc7 17. Bf1 Bf8 18. Ba1 Qf7 19. h3 Qd7 20. Kh2 Bf5 21. Ne4 Ne6 22. d4 Kh8 23. dxe5 Nxe5 24. Bxe5 fxe5 25. Bg2 Qc7 26. Red1 Be7 27. h4 b5 28. Bh3 Bxh3 29. Kxh3 Rf8 30. Kg2 c4 31. bxc4 Bxa3 32. Rc2 Qf7 33. Nfd2 bxc4 34. Rxc4 Rb8 35. Qa1 Bb4 36. Qxe5 Bxd2 37. Rxd2 Qf3+ 0-1